 Dungeon Crawl Stone Soup version 0.31-a0-1110-gab2881137f (webtiles) character file.

Game seed: 10749359704467619042

1 n0bwainer the Shooter (level 1, 0/16 HPs)
             Began as a Human Hunter on Dec 3, 2023.
             Frozen to death by an endoplasm (4 damage)
             ... on level 1 of the Dungeon.
             The game lasted 00:00:58 (35 turns).

n0bwainer the Shooter (Human Hunter)                  Turns: 35, Time: 00:00:59

Health: 0/16       AC:  3    Str: 11    XL:     1   Next: 22%
Magic:  1/1        EV: 12    Int:  9    God:
Gold:   2          SH:  0    Dex: 16    Spells: 0/0 levels left

rFire   . . .        a - +0 shortbow
rCold   . . .        (shield currently unavailable)
rNeg    . . .        c - +0 leather armour
rPois   .            (no helmet)
rElec   .            (no cloak)
rCorr   .            (no gloves)
SInv    .            (no boots)
Will    .....        (no amulet)
Stlth   ++           (no ring)
HPRegen 0.22/turn    (no ring)
MPRegen 0.07/turn

%: no passive effects
@: no status effects
A: no striking features
a: no special abilities


You were on level 1 of the Dungeon.
You visited 1 branch of the dungeon, and saw 1 of its levels.

You collected 2 gold pieces.

Inventory:

Hand Weapons
 a - a +0 shortbow (weapon)
Armour
 c - a +0 leather armour (worn)
Scrolls
 b - a scroll of butterflies


   Skills:
 + Level 2.1 Fighting
 + Level 4.0 Ranged Weapons
 + Level 2.0 Dodging
 + Level 1.0 Stealth


You couldn't memorise any spells.
You didn't know any spells.
Your spell library was empty.

Dungeon Overview and Level Annotations

Branches:
Dungeon (1/15)

Altars:


Message History

Welcome, n0bwainer the Human Hunter.
A smirking vizier told you that the Orb of Zot is just within this dungeon.
Press ? for a list of commands and other information.
Found a staircase leading out of the dungeon.
Found 2 gold pieces.
You now have 2 gold pieces. 2 endoplasms come into view.
The endoplasm quivers.
The endoplasm jiggles.
The endoplasm hits you but does no damage.
You shoot an arrow. The arrow hits the endoplasm.
The endoplasm is heavily wounded.
The endoplasm freezes you.
You are frozen.
You shoot an arrow. The arrow barely misses the endoplasm.
The endoplasm closely misses you.
You shoot an arrow.
The arrow completely misses the endoplasm.
The endoplasm hits you. The endoplasm freezes you.
You are frozen.
You shoot an arrow. The arrow hits the endoplasm.
The endoplasm is almost dead.
The endoplasm freezes you.
You are frozen.
* * * LOW HITPOINT WARNING * * *
The endoplasm freezes you.
You are frozen.
* * * LOW HITPOINT WARNING * * *
You shoot an arrow. The arrow hits the endoplasm.
You kill the endoplasm!
The endoplasm closely misses you. The endoplasm barely misses you.
You shoot an arrow. The arrow hits the endoplasm.
The endoplasm is moderately wounded.
The endoplasm freezes you.
You are frozen.
You die...

.# #.# #.. ###.## ###
#.# #.... ..# #.#
#.#.# #.###.######
#.#.# #.##.......#
#...### #.##..##.#.#
##....###.##..#....###
##..............@....+
##....###.##...J...###
##.######.##.#.#.#.#
..........##.......#
...###########.#####
...# #.# #..# #.. ##.#
#..# #.#


You could see an endoplasm.

Vanquished Creatures
  An endoplasm (D:1)
1 creature vanquished.

Notes
Turn   | Place    | Note
-------+----------+-------------------------------------------
     0 | D:1      | n0bwainer the Human Hunter began the quest for the Orb.
     0 | D:1      | Reached XP level 1. HP: 16/16 MP: 1/1
    35 | D:1      | Frozen to death by an endoplasm

Illustrated notes

Levels and vault maps discovered:
D:1:      amcnicky_arrival_single_pillar, layout_loops_corners,
          hangedman_decor_diamond_cutter, bh_walls_and_bars

Action                     || total
---------------------------++-------
   Fire: Shortbow          ||     6
 Armour: Leather armour    ||     2
  Dodge: Dodged            ||     3

Table legend: (Time is in decaauts)
 A = Elapsed time spent in this place.
 B = Non-inter-level travel time spent in this place.
 C = Inter-level travel time spent in this place.
 D = Time resting spent in this place.
 E = Time spent auto-exploring this place.
 F = Levels seen in this place.
 G = Mean time per level.
                   A        B        C        D        E       F      G
               +--------+--------+--------+--------+--------+-----+--------+
         Total |     36 |     16 |     20 |      0 |      0 |   1 |   36.0 |
       Dungeon |     36 |     16 |     20 |      0 |      0 |   1 |   36.0 |
               +--------+--------+--------+--------+--------+-----+--------+

Top non-repeatable levels by time:
     D:1: 36 daAuts
